 Dungeon Crawl Stone Soup version 0.18-a0-1285-g60d00e1 (webtiles) character file.

6785 Gagarin the Covert (level 10, -11/52 HPs)
             Began as a Deep Elf Conjurer on Feb 8, 2016.
             Was a Priest of Sif Muna.
             Mangled by a hill giant
             ... wielding a +0 giant spiked club
              (34 damage)
             ... on level 9 of the Dungeon.
             The game lasted 00:49:51 (11748 turns).

Gagarin the Covert (Deep Elf Conjurer)             Turns: 11748, Time: 00:49:51

Health: -11/52     AC:  9    Str:  8    XL:     10   Next: 76%
Magic:  17/26      EV: 25    Int: 23    God:    Sif Muna [***...]
Gold:   306        SH:  0    Dex: 20    Spells: 7 memorised, 9 levels left

rFire  . . .     SeeInvis .     J - +8 short sword of Spontaneous Combustion {pierce, Int+2 Dex+5}
rCold  . . .     Gourm    +     a - +0 robe
rNeg   . . .     Faith    .     (no shield)
rPois  .         Spirit   .     g - +0 helmet
rElec  .         Dismiss  .     j - +1 cloak
rCorr  .         Reflect  .     p - +0 pair of gloves
SustAt .         Harm     .     E - +2 pair of boots
MR     +....                    y - amulet of the gourmand
Stlth  ++++++....               i - ring of stealth
                                O - +6 ring of evasion

@: somewhat resistant to hostile enchantments, very stealthy
A: no striking features
a: Channel Energy, Renounce Religion


You were on level 9 of the Dungeon.
You worshipped Sif Muna.
Sif Muna was most pleased with you.
You were full.

You visited 2 branches of the dungeon, and saw 10 of its levels.

You collected 458 gold pieces.
You spent 152 gold pieces at shops.

Inventory:

Hand Weapons
 H - a +1 dagger of chaos
 I - the +1 dagger of the Pariah {elec, Int+3 Dex-3 Stlth+}
   (You found it on level 4 of the Dungeon)

   Occasionally, upon striking a foe, it will discharge some electrical energy
   and cause terrible harm.
   It affects your intelligence (+3).
   It affects your dexterity (-3).
   It makes you more stealthy.
 J - the +8 short sword of Spontaneous Combustion (weapon) {pierce, Int+2 Dex+5}
   (You found it on level 4 of the Dungeon)

   It inflicts extra damage upon your enemies.
   It affects your intelligence (+2).
   It affects your dexterity (+5).
Missiles
 v - 2 throwing nets (quivered)
Armour
 a - a +0 robe (worn)
 g - a +0 helmet (worn)
 j - a +1 cloak (worn)
 p - a +0 pair of gloves (worn)
 E - a +2 pair of boots (worn)
Jewellery
 i - a ring of stealth (right hand)
 y - an amulet of the gourmand (around neck)
 z - an uncursed ring of fire
 O - a +6 ring of evasion (left hand)
 Z - a +5 ring of slaying
Wands
 s - a wand of iceblast (4/15)
 T - a wand of digging (16/24)
 U - a wand of iceblast (1/15)
Scrolls
 e - 5 scrolls of remove curse
 f - a scroll of amnesia
 h - 3 scrolls of identify
 t - a scroll of noise {unknown}
 w - 4 scrolls of random uselessness {unknown}
 x - 3 scrolls of fog {unknown}
 C - 2 scrolls of immolation {unknown}
 D - 2 scrolls of blinking {unknown}
 G - a scroll of magic mapping {unknown}
 M - a scroll of recharging {unknown}
Potions
 d - 3 potions of curing
 l - 2 potions of lignification {unknown}
 m - 4 potions of brilliance {unknown}
 n - 3 potions of might {unknown}
 o - a potion of magic {unknown}
 r - 2 potions of resistance {unknown}
 B - 3 potions of flight {unknown}
 F - 2 potions of haste {unknown}
 Q - a potion of berserk rage {unknown}
 W - a potion of degeneration {unknown}
Books
 b - a book of Conjurations

   Spells                             Type                      Level
   a - Magic Dart                     Conjuration                  1
   b - Searing Ray                    Conjuration                  2
   c - Dazzling Spray                 Conjuration/Hexes            3
   d - Fulminant Prism                Conjuration/Hexes            4
   e - Iskenderun's Mystic Blast      Conjuration                  4
   f - Iskenderun's Battlesphere      Conjuration/Charms           5
 u - a book of Minor Magic

   Spells                             Type                      Level
   a - Magic Dart                     Conjuration                  1
   b - Blink                          Translocation                2
   c - Call Imp                       Summoning                    2
   d - Repel Missiles                 Charms/Air                   2
   e - Slow                           Hexes                        2
   f - Conjure Flame                  Conjuration/Fire             3
   g - Mephitic Cloud                 Conjuration/Poison/Air       3
Miscellaneous
 V - a plain deck of war
Comestibles
 c - 3 bread rations
 k - 5 meat rations
 q - 2 royal jellies
 K - 7 slices of pizza
 L - a beef jerky
 P - 13 fruits


   Skills:
 + Level 1.6 Fighting
 + Level 2.9 Short Blades
 + Level 8.3 Dodging
 + Level 10.9 Stealth
 + Level 10.9 Spellcasting
 + Level 9.9 Conjurations
 + Level 4.6 Hexes
 + Level 0.2 Evocations


You had 9 spell levels left.
You knew the following spells:

 Your Spells              Type           Power        Failure   Level  Hunger
a - Magic Dart            Conj           ####         1%          1    None
b - Searing Ray           Conj           ######       1%          2    None
c - Dazzling Spray        Conj/Hex       #####...     1%          3    None
d - Iskenderun's Battles  Conj/Chrm      #####...     21%         5    ####...
e - Iskenderun's Mystic   Conj           ######..     1%          4    None
f - Fulminant Prism       Conj/Hex       #####.....   2%          4    None
g - Repel Missiles        Chrm/Air       ##....       10%         2    None


Dungeon Overview and Level Annotations

Branches:
Dungeon (9/15)             Temple (1/1) D:6            Lair (0/8) D:9
    Orc: D:9-12

Altars:
Ashenzari
Cheibriados
Dithmenos
Elyvilon
Fedhas
Gozag
Kikubaaqudgha
Makhleb
Nemelex Xobeh
Okawaru
Pakellas
Qazlal
Ru
Sif Muna
Trog
Vehumet
Xom
Yredelemnul
Zin
The Shining One

Shops:
D:4 *   D:5 *


Message History

Aiming: Searing Ray
Press: ? - help, Shift-Dir - straight line, f - hill giant
Aim: a hill giant, wielding a giant spiked club (lightly wounded)
The searing ray hits the hill giant.
The hill giant is lightly wounded.
Your fulminant prism explodes!
The blast of energy engulfs the hill giant.
The hill giant is heavily wounded.
You hear a trumpeting!
The searing ray hits the hill giant.
The hill giant is heavily wounded.
The searing ray hits the hill giant.
The hill giant is severely wounded.
The hill giant hits you with a giant spiked club!!
Ouch! That really hurt!
The searing ray hits the hill giant.
The hill giant is almost dead.
The hill giant hits you with a giant spiked club!!
Ouch! That really hurt!
You die...

..# .# #!####.####
#.........#
#+###.........#
+_+...........# ###
### #.........# ....
### #.........#
#..#######....$.....
#......@C..)..)...#.
#.###.######).....#
#..# ...$#..#
#....## .....# .#
##.### ...#..# # #.
.... ..# . #.#.. ..#
.# .# .. .
#.#..####..#... # ..
.. #..#..#...


You could see a hill giant.

Vanquished Creatures
  A hydra (D:8)
  A hill giant (D:8)
  A centaur zombie (D:8)
  A two-headed ogre (D:8)
  2 yaks (D:8)
  3 hungry ghosts
  2 steam dragons
  3 orc warriors
  2 ice beasts
  3 phantoms
  A necrophage (D:6)
  2 sky beasts (D:6)
  6 ogres
  4 centaurs
  A crocodile (D:9)
  4 big kobolds
  5 giant frogs
  3 scorpions
  5 killer bees (D:8)
  3 wights (D:9)
  4 crimson imps
  A giant frog zombie (D:5)
  2 hounds
  A centaur skeleton (D:7)
  3 orc priests
  A jelly (D:6)
  7 orc wizards
  Ijyb (D:2)
  2 iguanas (D:8)
  7 worker ants
  A killer bee zombie (D:8)
  3 sheep
  2 hound skeletons
  11 adders
  2 shadow imps
  3 oozes
  2 adder skeletons
  4 worms
  4 giant geckos
  28 orcs
  6 giant cockroaches
  8 goblins
  7 hobgoblins
  8 jackals
  12 kobolds
  4 quokkas
  6 bats
  2 giant cockroach zombies
  2 giant gecko skeletons
  A giant gecko zombie (D:8)
  6 giant newts
  A jackal zombie (D:7)
  7 rats
212 creatures vanquished.

Vanquished Creatures (others)
  11 fulminant prisms
11 creatures vanquished.

Grand Total: 223 creatures vanquished

Notes
Turn   | Place    | Note
--------------------------------------------------------------
     0 | D:1      | Gagarin the Deep Elf Conjurer began the quest for the Orb.
     0 | D:1      | Reached XP level 1. HP: 10/10 MP: 6/6
   320 | D:1      | Reached XP level 2. HP: 15/15 MP: 1/8
   608 | D:1      | Reached skill level 5 in Conjurations
   703 | D:2      | Learned a level 2 spell: Searing Ray
   802 | D:2      | Reached XP level 3. HP: 15/19 MP: 2/9
  1074 | D:2      | Noticed Ijyb
  1085 | D:2      | Killed Ijyb
  1096 | D:2      | Reached XP level 4. HP: 22/24 MP: 0/11
  1461 | D:2      | Found an iron altar of Okawaru.
  1718 | D:2      | Learned a level 3 spell: Dazzling Spray
  2061 | D:3      | Reached XP level 5. HP: 28/28 MP: 12/12
  2202 | D:3      | Found a shimmering altar of Xom.
  2510 | D:3      | Reached skill level 6 in Conjurations
  2800 | D:3      | Reached XP level 6. HP: 8/32 MP: 5/14
  3137 | D:3      | Learned a level 5 spell: Iskenderun's Battlesphere
  3481 | D:4      | Reached skill level 5 in Stealth
  3583 | D:4      | Reached skill level 5 in Spellcasting
  3605 | D:4      | Reached skill level 1 in Hexes
  3754 | D:4      | Got a crystal dagger
  3761 | D:4      | Got a jewelled short sword
  3785 | D:4      | Found Malogam's Assorted Antiques.
  3792 | D:4      | Bought a scroll labeled ANEGECVUGI for 29 gold pieces
  3792 | D:4      | Bought a scroll of identify for 58 gold pieces
  3824 | D:4      | Reached XP level 7. HP: 36/36 MP: 17/17
  3828 | D:4      | Identified the +1 dagger of the Pariah {elec, Int+3 Dex-3 Stlth+} (You found it on level 4 of the Dungeon)
  3829 | D:4      | Identified the +8 short sword of Spontaneous Combustion {pierce, Int+2 Dex+5} (You found it on level 4 of the Dungeon)
  4026 | D:4      | Found a glowing silver altar of Zin.
  4223 | D:5      | Entered Level 5 of the Dungeon
  4479 | D:5      | Noticed a steam dragon
  4485 | D:5      | Noticed a steam dragon
  4674 | D:5      | Killed a steam dragon
  4828 | D:5      | Found Zaramikkix's General Store.
  4865 | D:5      | Bought a potion of heal wounds for 65 gold pieces
  5063 | D:5      | Reached skill level 7 in Conjurations
  5548 | D:6      | Reached skill level 1 in Short Blades
  5548 | D:6      | Reached XP level 8. HP: 41/41 MP: 15/19
  5567 | D:6      | Found a staircase to the Ecumenical Temple.
  5576 | Temple   | Entered the Ecumenical Temple
  5662 | Temple   | Became a worshipper of Sif Muna the Loreminder
  6120 | D:6      | Reached skill level 5 in Dodging
  7044 | D:6      | Reached * piety under Sif Muna
  7044 | D:6      | Reached skill level 8 in Stealth
  7208 | D:6      | Reached XP level 9. HP: 19/45 MP: 0/23
  8004 | D:7      | Found a sparkling altar of Nemelex Xobeh.
  8030 | D:7      | Found a blossoming altar of Fedhas.
  8070 | D:7      | Reached skill level 9 in Stealth
  8826 | D:7      | Found a shattered altar of Ashenzari.
  8826 | D:7      | Found a basalt altar of Yredelemnul.
  8826 | D:7      | Found a bloodstained altar of Trog.
  8962 | D:8      | Reached skill level 10 in Stealth
  9064 | D:8      | Reached skill level 1 in Fighting
  9231 | D:8      | Learned a level 4 spell: Iskenderun's Mystic Blast
  9236 | D:8      | Learned a level 4 spell: Fulminant Prism
  9287 | D:8      | Reached XP level 10. HP: 51/51 MP: 8/25
  9395 | D:8      | Noticed a hill giant
  9408 | D:8      | Killed a hill giant
  9408 | D:8      | Reached ** piety under Sif Muna
  9970 | D:8      | Reached skill level 10 in Spellcasting
 10231 | D:8      | Noticed a three-headed hydra
 10448 | D:8      | Killed a three-headed hydra
 10833 | D:9      | Reached *** piety under Sif Muna
 10855 | D:9      | Found a staircase to the Lair.
 10855 | D:9      | Noticed an elephant
 10856 | D:9      | Noticed a death yak
 11129 | D:9      | Found a glowing golden altar of the Shining One.
 11499 | D:9      | Found a sacrificial altar of Ru.
 11606 | D:9      | Learned a level 2 spell: Repel Missiles
 11695 | D:9      | Noticed a hill giant
 11748 | D:9      | Mangled by a hill giant

Vault maps used:
D:1:      dpeg_arrival_houses_and_road
D:2:      minmay_misc_feat_room, kennysheep_okawaru_gauntlet, uniq_iyjb
D:3:      led_xom_imps, wad_floor_pattern_1
D:4:      kennysheep_mini_moat, serial_shops,
          nicolae_shop_temple_entry_statues_fountains, nrook_uturn,
          solitary_fountain
D:5:      kennysheep_steamy, first_bread, serial_shops, shop, uniq_edmund
D:6:      forest_paths, minmay_temple_entry_mist, serial_glass, glass_columns_c,
          glass_columns_a
D:7:      nemelex_deck, gammafunk_temple_overflow_claw, fedhas_altar_3
D:8:      grunt_ministairs_3, hangedman_ranch
D:9:      tso_altar, lemuel_doored_altar, david_lair_generic, minivault_25,
          hangedman_abyss_or_decor_stagger, stair_cage_line
Temple:   circular_temple_12

Action                   |  1- 3 |  4- 6 |  7- 9 | 10-12 || total
-------------------------+-------+-------+-------+-------++-------
Melee: Dagger            |     4 |    30 |       |       ||    34
       Unarmed           |     2 |       |       |       ||     2
       Short sword       |       |       |    38 |    17 ||    55
 Cast: Magic Dart        |    51 |   105 |    83 |    36 ||   275
       Searing Ray       |     2 |     7 |    44 |    25 ||    78
       Dazzling Spray    |       |    11 |    27 |    22 ||    60
       Fulminant Prism   |       |       |     1 |    10 ||    11
       Iskenderun's Myst |       |       |       |     2 ||     2
Evoke: Wand              |       |     4 |       |     2 ||     6
  Use: Scroll            |       |     5 |     2 |     3 ||    10
       Potion            |       |       |       |     3 ||     3
 Stab: Sleeping          |     1 |     6 |    17 |     4 ||    28
       Distracted        |       |     1 |     2 |       ||     3
       Invisible         |       |     2 |     3 |       ||     5
  Eat: Chunk             |       |    12 |    23 |     6 ||    41
